Map: Pillars of Gold LE

Players

Serral

  • Race: Zerg Zerg
  • League: Master
  • Spawn Location: 1:00

Reynor - Winner!

  • Race: Zerg Zerg
  • League: Master
  • Spawn Location: 7:00

Event: DreamHack SC2 Masters 2020 Fall

VOD

Have the link to the VOD?

Description

Time

  • Played on: Sept. 13, 2020, 2:39 p.m.
  • Length: 12:05

All games in this series

Show
View Real Time Build Order
Export as new Build Order

Serral Zerg 

Build Orders: Hatch First 

Get SALT Encoding   

  12  0:00  Drone  
  13  0:12  Overlord  
  13  0:18  Drone  
  14  0:30  Drone  
  14  0:31  Drone  
  16  0:50  Hatchery  
  16  0:53  Drone  
  16  0:56  Drone  
  17  1:00  Drone  
  18  1:09  Extractor  
  17  1:15  Spawning Pool  
  16  1:18  Drone  
  16  1:22  Drone  
  18  1:27  Drone  
  19  1:39  Drone  
  20  1:49  Drone  
  21  1:59  Overlord  
  21  2:02  Queen x2  
  21  2:03  Zergling x2  
  26  2:10  Drone  
  26  2:11  Metabolic Boost  
  26  2:15  Drone  
  28  2:23  Drone  
  28  2:24  Drone  
  30  2:33  Drone  
  30  2:34  Drone  
  32  2:42  Hatchery  
  31  2:49  Queen  
  33  2:55  Overlord  
  33  2:58  Drone x2  
  35  3:01  Drone  
  36  3:14  Zergling x8  
  36  3:16  Zergling x4  
  36  3:17  Zergling x2  
  36  3:19  Zergling x2  
  44  3:24  Overlord  
  44  3:31  Roach Warren  
  43  3:35  Drone  
  43  3:38  Evolution Chamber  
  43  3:40  Overlord  
  43  3:41  Drone  
  43  3:42  Drone  
  43  3:45  Drone  
  46  3:50  Drone  
  46  3:51  Drone x2  
  49  3:59  Drone  
  50  4:04  Zerg Ground Armor Level 1  
  50  4:12  Roach  
  50  4:13  Roach x3  
  50  4:17  Roach  
  60  4:20  Extractor  
  60  4:21  Roach  
  61  4:24  Overlord  
  61  4:26  Overlord  
  61  4:30  Roach  
  63  4:35  Extractor  
  61  4:39  Drone x4  
  61  4:42  Overlord  
  65  4:47  Drone x3  
  65  4:48  Drone x2  
  70  4:53  Overlord  
  70  4:55  Roach  
  70  4:58  Roach  
  74  5:06  Roach x2  
  74  5:07  Roach  
  80  5:09  Overlord  
  80  5:15  Roach  
  80  5:16  Roach  
  80  5:19  Overlord  
  84  5:22  Roach  
  84  5:27  Roach x2  
  90  5:29  Ravager  
  90  5:34  Zergling x8  
  95  5:38  Zergling x2  
  95  5:39  Zergling x4  
  98  5:44  Overlord  
  98  5:45  Zergling x4  
  98  5:48  Ravager x2  
  102  5:50  Zergling x6  
  102  5:55  Ravager, Zergling x4  
  97  6:11  Zergling x20  
  97  6:19  Lair  
  97  6:21  Zergling x2  
  97  6:22  Zergling x4  
  97  6:24  Zerg Missile Weapons Level 1  
  99  6:30  Drone x4  
  103  6:37  Drone x2  
  103  6:38  Drone x2  
  107  6:44  Ravager x2, Overlord  
  107  6:47  Drone x2  
  111  6:50  Extractor, Overlord  
  111  6:53  Overlord  
  110  6:55  Drone x2  
  110  6:58  Overlord  
  112  7:01  Overlord  
  112  7:05  Drone x2  
  112  7:07  Ravager, Overlord  
  115  7:10  Roach  
  115  7:14  Roach x2  
  121  7:20  Glial Reconstitution  
  121  7:22  Roach x3  
  124  7:26  Roach x2  
  124  7:28  Overseer  
  123  7:33  Extractor  
  123  7:34  Roach x3  
  128  7:40  Spine Crawler  
  128  7:42  Roach x3  
  133  7:45  Roach x2  
  137  7:52  Roach x3  
  138  8:04  Roach x5, Zergling x6  
  105  8:16  Roach x6  
  99  8:23  Roach x3  
  103  8:30  Roach  
  103  8:31  Roach x2  
  107  8:39  Roach x3  
  113  8:43  Queen  
  115  8:51  Roach  
  115  8:52  Roach x3  
  123  9:00  Zerg Missile Weapons Level 2  
  123  9:02  Extractor x2  
  121  9:07  Drone x6  
  127  9:14  Roach x4  
  135  9:20  Overlord  
  135  9:21  Hydralisk Den  
  134  9:26  Roach x3  
  139  9:33  Overseer  
  139  9:34  Overlord  
  139  9:50  Hydralisk x6, Spore Crawler  
  139  9:51  Grooved Spines  
  150  9:57  Hydralisk x2  
  154  10:03  Hydralisk x2  
  154  10:06  Spore Crawler  
  157  10:09  Overlord  
  157  10:11  Hydralisk x2  
  161  10:14  Drone, Spore Crawler  
  161  10:16  Hydralisk  
  161  10:17  Hydralisk  
  165  10:21  Hydralisk x2  
  165  10:25  Roach  
  171  10:31  Roach x3  
  177  10:38  Roach x3  
  183  10:44  Overlord x2  
  183  10:53  Roach  
  183  10:54  Overlord  
  185  11:02  Roach x6  
  191  11:09  Ravager  
  191  11:10  Roach x3  
  189  11:26  Hydralisk x4  
  196  11:35  Roach x2  
Show
View Real Time Build Order
Export as new Build Order

Reynor Zerg - Winner!

Build Orders: Hatch First 

Get SALT Encoding   

  12  0:00  Drone  
  13  0:12  Overlord  
  13  0:17  Drone  
  14  0:30  Drone x2  
  16  0:50  Hatchery  
  16  0:52  Drone  
  16  0:56  Drone  
  17  0:59  Drone  
  18  1:10  Extractor  
  17  1:15  Spawning Pool  
  16  1:18  Drone  
  16  1:21  Drone  
  18  1:27  Drone  
  19  1:38  Drone  
  20  1:49  Drone  
  21  2:00  Overlord  
  21  2:01  Queen  
  21  2:02  Queen, Zergling x2  
  26  2:09  Metabolic Boost  
  26  2:12  Drone  
  26  2:14  Drone  
  28  2:22  Drone  
  29  2:23  Drone  
  30  2:38  Hatchery  
  30  2:39  Drone  
  30  2:41  Drone  
  31  2:45  Drone  
  31  2:47  Drone  
  33  2:55  Zergling x2  
  33  2:56  Baneling Nest  
  33  2:59  Overlord  
  33  3:08  Zergling x2  
  33  3:12  Drone x2  
  36  3:18  Drone  
  36  3:19  Overlord  
  39  3:20  Zergling x4  
  39  3:21  Drone x2  
  41  3:29  Drone  
  41  3:31  Drone  
  41  3:32  Evolution Chamber  
  42  3:35  Queen  
  42  3:39  Baneling x3  
  45  3:41  Zergling x2  
  45  3:42  Zergling x2  
  45  3:46  Zergling x4  
  48  3:50  Zergling x4  
  48  3:55  Zergling x6  
  52  4:00  Overlord  
  52  4:10  Zerg Ground Armor Level 1  
  52  4:15  Drone x5  
  57  4:18  Overlord  
  57  4:19  Drone x2  
  57  4:21  Drone  
  57  4:23  Drone  
  61  4:28  Drone  
  62  4:33  Drone x2  
  62  4:35  Roach Warren  
  62  4:38  Drone  
  62  4:41  Drone  
  62  4:44  Drone, Extractor  
  62  4:45  Extractor  
  63  4:48  Overlord  
  63  4:49  Drone x4  
  63  4:51  Drone  
  68  4:58  Drone x2  
  70  5:05  Drone  
  70  5:06  Hatchery  
  70  5:17  Roach x5  
  70  5:18  Overlord  
  70  5:20  Drone  
  70  5:21  Overlord  
  81  5:26  Overlord  
  81  5:33  Overlord  
  81  5:37  Roach x4  
  81  5:38  Ravager, Overlord  
  81  5:42  Ravager, Zergling x8  
  95  5:46  Spine Crawler  
  95  5:48  Ravager  
  95  5:49  Zergling x4  
  97  5:51  Zergling x8  
  97  5:53  Zergling x4  
  97  5:56  Ravager, Overlord  
  104  5:58  Zergling x2  
  104  6:05  Zergling x6  
  104  6:06  Zergling x2  
  104  6:10  Roach  
  104  6:14  Zergling x4  
  100  6:18  Zergling x2  
  100  6:19  Queen  
  100  6:24  Zergling x6  
  102  6:27  Ravager x2  
  102  6:28  Zergling x2  
  102  6:31  Overlord  
  105  6:34  Ravager  
  105  6:35  Zergling x4  
  105  6:39  Zergling x2  
  109  6:44  Zergling x6  
  109  6:46  Zerg Missile Weapons Level 1  
  112  6:49  Overlord  
  112  6:52  Zergling x2  
  113  6:55  Zergling x2  
  113  6:56  Zergling x2  
  113  6:58  Hatchery  
  113  6:59  Overlord  
  114  7:01  Zergling x10  
  114  7:04  Lair  
  114  7:06  Zergling x4  
  114  7:07  Zergling x4  
  114  7:08  Zergling x4  
  125  7:10  Zergling x2  
  125  7:13  Baneling x2  
  125  7:14  Drone  
  127  7:15  Extractor  
  127  7:16  Extractor  
  127  7:18  Zergling x4  
  127  7:21  Drone  
  127  7:22  Zergling x2  
  129  7:27  Zergling x2  
  129  7:29  Zergling x2  
  133  7:32  Drone x3  
  133  7:35  Zergling x2  
  133  7:36  Zergling x12  
  143  7:43  Zergling x4  
  145  7:46  Overlord  
  145  7:58  Zergling x6  
  138  7:59  Zergling x2  
  138  8:00  Zergling x2  
  138  8:03  Zergling x4  
  138  8:04  Zergling x6  
  126  8:06  Zergling x6  
  126  8:08  Zergling x2  
  126  8:10  Roach  
  126  8:12  Zergling x2  
  122  8:14  Glial Reconstitution  
  122  8:15  Roach  
  122  8:19  Roach  
  107  8:21  Zergling x4  
  107  8:23  Drone  
  107  8:26  Extractor, Spire  
  106  8:32  Drone x5  
  106  8:33  Drone  
  107  8:36  Extractor  
  107  8:40  Extractor  
  105  8:44  Zerg Missile Weapons Level 2  
  105  8:47  Roach  
  105  8:48  Roach  
  109  8:50  Roach  
  109  8:52  Hatchery  
  109  8:55  Roach x2  
  114  8:57  Roach  
  114  8:58  Roach  
  114  9:00  Roach  
  120  9:05  Roach x2  
  124  9:12  Roach x4  
  132  9:17  Overlord  
  132  9:20  Roach x3  
  138  9:33  Roach x6  
  150  9:40  Roach x3  
  150  9:41  Roach  
  158  9:45  Overlord  
  158  9:54  Overlord  
  158  10:00  Mutalisk x5  
  158  10:04  Mutalisk  
  158  10:05  Roach  
  158  10:06  Roach  
  174  10:08  Ravager  
  174  10:10  Ravager  
  174  10:11  Roach x2  
  181  10:14  Roach  
  181  10:18  Drone x3  
  181  10:20  Drone, Overlord x3  
  185  10:22  Overlord  
  185  10:25  Ravager x2  
  185  10:28  Drone  
  188  10:39  Ravager  
  188  10:41  Overlord  
  189  10:46  Overlord  
  189  10:49  Ravager  
  190  10:53  Overlord  
  190  10:57  Overlord  
  190  11:01  Roach x5  
  196  11:05  Ravager x2  
  196  11:08  Roach  
  197  11:12  Roach  
  197  11:13  Roach  
  196  11:21  Roach x2  
  196  11:22  Overlord  
  196  11:31  Roach x4  
  196  11:32  Ravager  

Tags
 
Add a new tag
Caveats
  • Supply blocks, unpowered buildings, or Contaminate may cause inaccurate times.
  • Supply counts are checked every 10 seconds.